AoeStats
← Chiripa605

Nomad

503500718Analyzed
4v4 RM · 1mo ago on Sep 1, 2026· 50m 59s· 8 players
Game mode
Random Map
Map size
231×231
Population
200
Speed
Normal
Resources
Standard
Victory
Conquest
Starting age
Dark Age
Ending age
Imperial Age
RankedLock teamsTeams togetherTeam positionsShared explorationLock speedFull tech treeHidden civsTurbo modeCheats
Victory
Defeat
🇺🇸 Vikings · United States
1183
+11
🇲🇽 Persians · Mexico
1140
+12
🇨🇦 Vietnamese · Canada
1122
+13
🇦🇷 Bohemians · Argentina
1056
+16
🇦🇷 Koreans · Argentina
1073
-14
🇦🇷 Persians · Argentina
1070
-13
🇦🇷 Vietnamese · Argentina
1054
-13
🇦🇷 Mongols · Argentina
1050
-13
BiggM4k
13:20 Feudal Age
17:46 Loom
18:48 Gold Mining
18:46 Double-Bit Axe
23:23 Castle Age
23:10 Fishing Lines
24:28 Medium Warships
24:20 Fletching
25:48 Bow Saw
26:12 Bodkin Arrow
28:43 Ballistics
30:00 Wheelbarrow
29:13 Horse Collar
35:51 Imperial Age
35:18 Crossbowman
36:05 Thumb Ring
36:37 Bracer
37:06 Heavy Warships
37:56 Chemistry
37:47 Arbalester
40:04 Elite Skirmisher
43:39 Heavy Plow
47:13 Imperial Skirmisher
Chiripa605
3:44 Loom
13:54 Feudal Age
14:33 Double-Bit Axe
16:25 Fletching
20:37 Castle Age
21:21 Bodkin Arrow
21:58 Medium Warships
22:16 Bow Saw
28:04 Town Watch
29:33 Ballistics
29:34 Fishing Lines
32:01 Clinker Construction
33:45 Scale Mail Armor
34:19 Squires
34:05 Gambesons
34:15 Arson
36:11 Chain Mail Armor
36:28 Forging
37:36 Horse Collar
41:24 Imperial Age
40:00 Gold Mining
40:00 Stone Mining
42:16 Gold Shaft Mining
42:52 Plate Mail Armor
42:51 Gillnets
42:30 Capped Ram
43:33 Conscription
43:51 Iron Casting
44:16 Siege Ram
49:08 Blast Furnace
49:31 Elite Berserk
Dacrawl
3:56 Loom
14:54 Feudal Age
18:47 Castle Age
16:52 Double-Bit Axe
17:53 Horse Collar
19:49 Wheelbarrow
25:17 Bloodlines
27:13 Scale Barding Armor
28:11 Forging
28:22 Fletching
31:11 Bow Saw
32:44 Chain Barding Armor
32:28 Husbandry
33:38 Iron Casting
33:12 Town Watch
33:57 Stone Mining
33:57 Gold Mining
35:11 Hand Cart
37:49 Gold Shaft Mining
37:49 Stone Shaft Mining
41:16 Imperial Age
39:27 Heavy Plow
40:35 Town Patrol
40:58 Cavalier
42:16 Plate Barding Armor
42:42 Blast Furnace
42:40 Conscription
45:11 Two-Man Saw
44:42 Crop Rotation
43:37 Savar
44:48 Caravan
51:21 Murder Holes
52:28 Chemistry
eloydordolo87
5:45 Loom
14:59 Feudal Age
19:23 Castle Age
25:38 Double-Bit Axe
33:24 Redemption
36:32 Sanctity
36:24 Fletching
42:30 Wagenburg Tactics
50:05 Imperial Age
Zool
6:12 Loom
15:58 Feudal Age
17:41 Double-Bit Axe
18:35 Fishing Lines
22:51 Padded Archer Armor
23:33 Town Watch
23:57 Fletching
24:09 Horse Collar
29:24 Castle Age
29:56 Crossbowman
30:59 Gillnets
45:43 Bodkin Arrow
48:17 Leather Archer Armor
acaniglia
4:51 Loom
14:08 Feudal Age
20:16 Castle Age
18:53 Fletching
20:08 Double-Bit Axe
21:53 Bodkin Arrow
28:47 Stone Mining
31:27 Ballistics
37:02 Imperial Age
36:15 Pikeman
37:20 Squires
40:22 Halberdier
42:33 Heavy Rocket Cart
Hsgdup!!!!
4:15 Loom
13:49 Feudal Age
16:07 Double-Bit Axe
22:29 Horse Collar
23:57 Fletching
24:34 Forging
26:34 Scale Mail Armor
33:07 Castle Age
33:24 Stone Mining
33:57 Bloodlines
33:58 Scale Barding Armor
33:52 Pikeman
35:10 Bow Saw
36:03 Heavy Plow
37:13 Bodkin Arrow
46:00 Wheelbarrow
45:13 Town Watch
45:13 Elite Skirmisher
idtristan90
4:04 Loom
15:32 Feudal Age
16:17 Double-Bit Axe
16:36 Man-at-Arms
17:45 Town Watch
17:59 Horse Collar
19:42 Scale Mail Armor
19:33 Fishing Lines
25:06 Castle Age
24:16 Forging
23:56 Arson
26:46 Heavy Plow
28:15 Bow Saw
28:09 Pikeman
28:50 Squires
43:13 Wheelbarrow
Connection lost

Rejoining the realm…

Still unreachable

The connection could not be restored.

Session expired

The server has moved on; the page needs a fresh start.